Map: 2000 애트모스피어 - 래더

Players

Ryung - Winner!

  • Race: Terran Terran
  • League: Master

TIME (Oliveira)

  • Race: Terran Terran
  • League: Grandmaster

Event: DreamHack SC2 Masters Last Chance 2022

VOD

Have the link to the VOD?

Description

Time

  • Played on: Dec. 15, 2021, 6:11 a.m.
  • Length: 22:48

All games in this series

Show
View Real Time Build Order
Export as new Build Order

Ryung Terran - Winner!

Build Orders: Gas First Reaper Expand, Hellion Opening 

Get SALT Encoding   

  12  0:00  SCV  
  13  0:12  SCV  
  14  0:17  Supply Depot  
  14  0:24  SCV  
  15  0:29  Refinery  
  15  0:38  SCV  
  16  0:43  Barracks  
  16  0:50  SCV  
  17  1:02  SCV  
  18  1:15  SCV  
  19  1:30  Orbital Command  
  19  1:31  Reaper  
  20  1:45  Command Center  
  20  1:52  Factory  
  20  1:56  SCV  
  21  2:04  Refinery  
  21  2:07  Barracks Reactor  
  21  2:08  SCV  
  22  2:13  Supply Depot  
  22  2:20  SCV  
  23  2:34  SCV  
  24  2:38  Starport  
  24  2:46  Hellion x2  
  24  2:49  SCV  
  29  2:52  Barracks Tech Lab  
  29  2:57  Orbital Command  
  29  3:07  Hellion  
  29  3:08  Hellion  
  29  3:12  Marauder  
  35  3:15  Concussive Shells  
  35  3:16  Orbital Command  
  29  3:20  Medivac  
  37  3:29  Hellion x2  
  41  3:35  Marauder  
  41  3:39  Supply Depot  
  43  3:42  SCV  
  43  3:43  SCV  
  45  3:50  Starport Tech Lab  
  45  3:51  Refinery  
  45  3:54  SCV  
  46  3:59  Supply Depot  
  46  4:01  SCV  
  47  4:06  Cyclone  
  47  4:07  Marine x2  
  52  4:11  SCV  
  52  4:13  SCV  
  54  4:17  Supply Depot  
  54  4:21  Raven  
  54  4:23  SCV  
  55  4:35  SCV x2, Marine x2  
  57  4:41  Siege Tank  
  60  4:47  SCV x2  
  60  4:51  Supply Depot  
  62  4:59  SCV x2  
  66  5:04  Raven  
  66  5:08  Command Center  
  66  5:11  SCV x2  
  68  5:16  Siege Tank  
  71  5:23  SCV x2  
  71  5:24  Refinery  
  71  5:28  Marine x2  
  73  5:29  Supply Depot  
  75  5:35  SCV x2  
  77  5:47  SCV  
  78  5:50  SCV, Siege Tank  
  78  5:51  Barracks  
  78  5:52  Barracks  
  82  5:57  Viking x2  
  82  5:58  Supply Depot  
  82  6:01  Stimpack  
  86  6:17  Engineering Bay  
  86  6:19  Engineering Bay  
  86  6:20  SCV x2  
  86  6:21  Orbital Command  
  86  6:22  Siege Tank  
  91  6:30  Viking  
  91  6:32  SCV x2  
  95  6:34  Viking  
  97  6:42  Orbital Command  
  97  6:43  Barracks Reactor  
  97  6:44  SCV x2, Barracks Reactor  
  96  6:49  Marine  
  97  6:56  SCV x2  
  97  7:01  Supply Depot  
  99  7:02  Supply Depot  
  99  7:07  Viking x2  
  99  7:08  SCV x2  
  105  7:14  Missile Turret  
  105  7:17  Terran Infantry Weapons Level 1  
  105  7:20  SCV x2  
  105  7:21  SCV  
  108  7:23  Supply Depot x2  
  108  7:27  Terran Infantry Armor Level 1  
  108  7:34  Marine x5  
  113  7:38  SCV x2  
  113  7:39  SCV  
  114  7:46  Siege Tank  
  114  7:50  Combat Shield  
  117  7:51  SCV x2, Marine  
  117  7:52  Marine x2  
  117  7:53  SCV  
  121  8:03  Refinery x2  
  121  8:05  Sensor Tower  
  121  8:06  Medivac  
  121  8:07  Missile Turret  
  121  8:09  Marine x3  
  121  8:11  Marine  
  121  8:12  SCV  
  128  8:20  Barracks  
  128  8:22  SCV x2, Barracks  
  130  8:32  Marine  
  130  8:33  Marine x4  
  135  8:35  Siege Tank  
  135  8:42  SCV x2  
  135  8:43  SCV  
  135  8:44  Supply Depot  
  137  8:52  Marine x3  
  137  8:53  Marine x2  
  130  9:06  Orbital Command  
  130  9:07  Siege Tank  
  130  9:09  Marine  
  114  9:10  Marine x3  
  114  9:11  Marine  
  113  9:20  Armory  
  113  9:26  SCV x2  
  113  9:27  Marine x2  
  113  9:28  Medivac x2, Marine x2  
  123  9:38  SCV  
  123  9:40  Refinery, Command Center  
  123  9:42  Factory  
  123  9:45  Siege Tank, Marine x3  
  124  9:46  Marine  
  124  9:47  Barracks Reactor x2  
  124  9:51  Missile Turret  
  131  9:58  Viking  
  133  10:00  Barracks Reactor  
  133  10:02  Missile Turret  
  133  10:05  Supply Depot  
  133  10:10  SCV x3, Viking  
  133  10:11  Terran Infantry Weapons Level 2  
  133  10:12  Terran Infantry Armor Level 2  
  138  10:18  Terran Vehicle Weapons Level 1  
  138  10:27  SCV x2  
  140  10:29  Marine  
  141  10:44  Marine  
  141  10:45  Marine x4  
  141  10:46  Siege Tank, Marine x2  
  141  10:47  Marine x3  
  138  10:55  Siege Tank  
  141  10:59  Viking x2  
  141  11:02  Marine x4  
  141  11:03  Marine  
  150  11:05  SCV x2  
  150  11:06  SCV  
  150  11:08  Starport x2  
  153  11:17  Marine x3  
  156  11:25  Supply Depot  
  156  11:26  Supply Depot x2, SCV x2, Siege Tank, Marine  
  156  11:27  Planetary Fortress  
  162  11:39  SCV x2  
  164  11:41  Sensor Tower  
  164  11:42  Missile Turret  
  164  11:47  SCV, Starport Tech Lab x2  
  165  11:49  Refinery x2  
  165  11:51  SCV  
  165  11:53  Marine x2  
  165  11:54  Marine x4  
  170  11:57  Marine x2  
  170  11:59  Marine x2  
  176  12:03  Supply Depot  
  176  12:11  Raven x2  
  176  12:12  Corvid Reactor  
  178  12:16  Marine x6  
  184  12:35  Siege Tank x2  
  188  12:37  Viking x2  
  188  12:43  Missile Turret  
  192  12:46  Command Center  
  192  12:47  SCV x2  
  194  12:56  Missile Turret  
  193  13:05  Raven  
  195  13:11  Raven, Marine x3  
  195  13:12  Marine x2  
  196  13:13  Marine  
  196  13:14  Siege Tank  
  196  13:16  Marine x2  
  196  13:19  Marine  
  173  13:20  Marine  
  175  13:29  Siege Tank, Marine x4  
  175  13:30  Marine  
  175  13:31  Marine  
  175  13:34  Marine x2  
  168  13:37  Viking x2  
  168  13:41  Marine  
  171  13:44  Marine  
  171  13:46  Marine  
  171  13:47  Terran Infantry Weapons Level 3, Terran Infantry Armor Level 3, Marine  
  174  13:48  Marine x2  
  176  13:58  Sensor Tower  
  176  14:02  Marine x2  
  177  14:10  Marine  
  177  14:11  Marine  
  177  14:12  Marine x2  
  177  14:14  Raven x2  
  177  14:15  Viking x2  
  177  14:16  Marine  
  190  14:24  Siege Tank  
  190  14:25  Starport  
  190  14:31  Starport  
  191  14:47  Marine x5  
  191  14:48  Marine  
  191  14:49  Marine  
  191  14:50  Marine  
  194  14:54  Marine  
  194  14:56  Siege Tank  
  194  14:57  Marine  
  192  15:05  Marine x2  
  192  15:06  Marine  
  187  15:11  Marine x2  
  187  15:12  Marine x2  
  172  15:14  Marine  
  172  15:15  Raven x2, Viking x2, Marine  
  172  15:20  Planetary Fortress  
  165  15:23  SCV x2, Marine x3  
  161  15:28  Marine  
  161  15:29  Marine  
  161  15:30  Marine x2  
  161  15:32  Marine  
  161  15:33  Marine  
  161  15:35  SCV  
  168  15:40  Marine  
  168  15:41  Marine x2  
  171  15:46  Marine  
  171  15:47  Marine x2  
  157  15:52  Siege Tank  
  157  15:53  Marine x3  
  160  15:58  Marine  
  160  15:59  Marine x2, Orbital Command  
  160  16:01  SCV  
  162  16:04  Marine  
  162  16:05  Marine x2  
  162  16:07  Raven x2  
  169  16:13  SCV  
  170  16:23  Marine  
  170  16:24  Marine x2  
  170  16:25  Marine  
  167  16:30  Liberator x2  
  167  16:31  Siege Tank  
  176  16:33  Marine  
  176  16:34  Marine  
  176  16:35  Marine x2  
  180  16:40  Factory  
  175  16:52  Marine  
  175  16:54  Raven x2  
  173  17:04  Marine x6  
  179  17:08  Marine x2  
  179  17:10  Marine  
  173  17:19  Siege Tank  
  173  17:22  Marine x6  
  169  17:27  Factory Tech Lab  
  169  17:28  Starport Tech Lab, Marine x3  
  172  17:30  SCV x2  
  172  17:34  Refinery  
  172  17:35  Refinery  
  172  17:36  Command Center, Starport Reactor  
  174  17:40  Marine x3  
  174  17:42  SCV x2  
  174  17:43  Sensor Tower  
  179  17:45  Raven x2  
  183  17:54  SCV, Siege Tank x2  
  190  18:16  Marine x4  
  190  18:17  Marine  
  190  18:18  Marine  
  196  18:23  Marine  
  196  18:24  Marine  
  190  18:31  Siege Tank x2, Marine  
  195  18:34  Marine  
  196  18:48  Marine  
  197  18:55  Command Center  
  197  18:57  Command Center  
  197  18:59  Command Center  
  197  19:03  Siege Tank  
  197  19:05  Sensor Tower  
  199  19:23  Siege Tank  
  184  19:25  Marine x6  
  184  19:28  Marine  
  184  19:29  Marine x2  
  189  19:33  Medivac  
  189  19:35  Siege Tank  
  181  19:43  Marine x6  
  184  19:46  Marine  
  184  19:48  Marine x2  
  187  20:06  Marine  
  183  20:22  Orbital Command  
  183  20:27  Siege Tank x2  
  189  20:53  Raven  
Show
View Real Time Build Order
Export as new Build Order

TIME Terran 

Build Orders:  

Get SALT Encoding   

  12  0:00  SCV  
  13  0:12  SCV  
  14  0:17  Supply Depot  
  14  0:24  SCV  
  15  0:38  SCV  
  15  0:40  Barracks  
  16  0:44  Refinery  
  16  0:51  SCV  
  16  0:53  Refinery  
  17  1:03  SCV  
  18  1:15  SCV  
  19  1:27  Reaper, Orbital Command  
  19  1:29  Supply Depot  
  20  1:42  Factory  
  20  1:53  SCV  
  21  1:59  Reaper  
  22  2:05  SCV  
  23  2:17  SCV  
  24  2:26  Hellion  
  24  2:28  Command Center  
  26  2:30  SCV  
  26  2:33  Barracks Reactor  
  27  2:38  Supply Depot  
  27  2:42  SCV  
  28  2:48  Factory Tech Lab  
  28  2:51  Starport  
  28  2:56  SCV  
  29  3:07  Cyclone  
  29  3:08  SCV  
  29  3:11  Marine  
  29  3:12  Marine  
  35  3:16  Refinery  
  35  3:20  SCV  
  36  3:28  Starport Tech Lab  
  36  3:29  Marine x2  
  38  3:38  SCV  
  38  3:40  Orbital Command  
  39  3:47  Raven  
  41  3:50  SCV  
  41  3:52  Barracks  
  41  3:55  Marine  
  43  4:02  Siege Tank  
  46  4:04  SCV  
  46  4:06  SCV  
  48  4:11  Supply Depot  
  48  4:16  SCV  
  49  4:18  SCV  
  49  4:20  Marine x2  
  39  4:37  Siege Tank, Marine  
  42  4:40  SCV x2  
  42  4:42  Marine  
  42  4:44  Starport Reactor  
  45  4:49  Stimpack  
  45  4:52  SCV  
  46  4:54  SCV  
  46  4:57  Marine  
  48  5:01  Marine  
  48  5:05  SCV  
  48  5:06  SCV  
  51  5:07  Marine  
  52  5:18  SCV  
  52  5:19  SCV  
  57  5:23  Supply Depot, Medivac x2  
  57  5:25  Marine  
  57  5:27  Marine  
  57  5:28  Marine  
  61  5:30  SCV  
  62  5:36  Supply Depot  
  62  5:38  SCV  
  62  5:45  Siege Tank, Marine x2  
  62  5:47  Marine  
  62  5:48  SCV  
  69  5:50  SCV  
  70  6:00  Starport Reactor  
  70  6:02  Marine  
  70  6:03  Marine  
  72  6:08  Command Center  
  72  6:09  SCV x2  
  74  6:14  Supply Depot  
  74  6:17  Marine  
  75  6:21  SCV  
  75  6:22  Marine  
  77  6:28  Combat Shield  
  77  6:35  Siege Tank  
  77  6:36  Marine  
  77  6:37  Marine  
  75  6:40  SCV  
  75  6:41  Marine  
  75  6:46  Medivac x2  
  81  6:47  SCV, Barracks  
  81  6:51  Refinery  
  81  6:52  SCV  
  81  6:59  SCV  
  81  7:00  Marine  
  83  7:04  SCV  
  83  7:06  Supply Depot, Marine  
  83  7:07  Marine  
  86  7:15  Supply Depot  
  86  7:19  SCV, Siege Tank, Marine  
  86  7:20  Orbital Command  
  91  7:26  Engineering Bay  
  91  7:27  Engineering Bay  
  91  7:28  SCV  
  91  7:29  Medivac x2  
  96  7:31  Marine  
  96  7:34  Marine x2  
  99  7:38  Marine x2  
  99  7:39  SCV  
  102  7:49  Marine  
  103  7:53  Orbital Command  
  103  7:55  Marine x2  
  103  7:56  Siege Tank  
  108  8:01  Marine  
  108  8:03  SCV x2  
  109  8:08  Terran Infantry Weapons Level 1, Marine x2, Terran Infantry Armor Level 1  
  109  8:10  Medivac x2  
  115  8:15  Supply Depot  
  115  8:16  Supply Depot, Marine x2  
  117  8:35  SCV, Marine x2  
  117  8:36  Marine x2  
  117  8:37  SCV x2  
  117  8:38  Siege Tank, Marine  
  125  8:42  Barracks  
  125  8:43  Barracks  
  125  8:48  SCV  
  126  8:53  Marine  
  106  8:56  Marine  
  106  9:00  Marine  
  103  9:03  SCV x2  
  103  9:08  Marine  
  103  9:09  Marine  
  99  9:10  Medivac x2  
  99  9:11  SCV, Marine  
  99  9:14  Marine  
  99  9:15  SCV  
  104  9:18  Marine  
  104  9:20  Siege Tank  
  104  9:26  Marine  
  104  9:27  Marine  
  104  9:28  SCV x3  
  100  9:31  Marine, Armory  
  100  9:33  Refinery x2  
  100  9:35  Barracks Reactor x2  
  101  9:38  Marine  
  101  9:40  SCV, Sensor Tower  
  101  9:41  Marine  
  101  9:42  Command Center  
  101  9:44  Viking  
  106  9:46  Viking  
  106  9:47  SCV  
  106  9:48  Marine  
  106  9:49  SCV  
  106  9:52  SCV  
  112  9:55  Marine  
  112  9:56  Supply Depot  
  112  9:58  Siege Tank  
  116  10:03  Marine  
  116  10:05  SCV x2  
  116  10:06  SCV  
  120  10:10  Barracks Reactor, Marine x2  
  122  10:15  Marine  
  122  10:16  Factory, Marine x3  
  122  10:18  Terran Infantry Weapons Level 2  
  122  10:19  Terran Infantry Armor Level 2  
  126  10:25  Terran Vehicle Weapons Level 1  
  126  10:29  SCV x2  
  126  10:30  SCV  
  126  10:31  Marine x4  
  126  10:33  Siege Tank  
  136  10:46  Marine  
  136  10:48  Marine x2  
  136  10:49  Marine x2  
  109  10:50  Marine x3  
  109  10:51  Marine  
  109  10:52  Viking x2  
  109  10:54  SCV x2  
  109  10:55  Planetary Fortress  
  113  11:00  Marine  
  113  11:04  Marine  
  114  11:05  Factory Tech Lab, Marine  
  114  11:06  Siege Tank, Marine  
  114  11:07  Marine  
  114  11:09  Supply Depot, Marine x2  
  114  11:11  Marine  
  124  11:13  Marine x2  
  126  11:20  Marine  
  127  11:27  Siege Tank, Viking  
  127  11:28  Viking, Marine x3  
  127  11:32  Supply Depot, Marine  
  138  11:33  Supply Depot, Marine  
  138  11:34  Marine  
  138  11:37  Marine  
  138  11:38  Marine x2  
  144  11:41  Siege Tank  
  147  11:47  Supply Depot  
  147  11:48  Marine x2  
  148  11:55  Marine  
  148  11:56  Command Center, Marine x6  
  148  11:59  Medivac  
  148  12:00  Medivac  
  159  12:03  Siege Tank  
  159  12:07  Marine x2  
  163  12:10  Supply Depot  
  163  12:11  Supply Depot, Marine  
  163  12:13  Marine  
  163  12:15  Siege Tank, Marine x2  
  168  12:20  Missile Turret  
  170  12:24  Marine  
  170  12:25  Missile Turret  
  170  12:28  Missile Turret  
  171  12:34  Marine x2  
  171  12:36  Siege Tank  
  176  12:38  Marine x2  
  176  12:40  Marine x3  
  176  12:42  Medivac x2  
  185  12:45  Terran Infantry Weapons Level 3  
  185  12:47  Terran Infantry Armor Level 3  
  185  12:52  Marine x3  
  187  13:06  Marine x3  
  187  13:07  Siege Tank  
  168  13:15  Marine  
  168  13:17  Marine x5  
  168  13:18  Siege Tank  
  132  13:20  Medivac  
  132  13:21  Medivac, Marine  
  132  13:23  Marine  
  132  13:25  Marine  
  128  13:35  Marine  
  128  13:36  Marine x4  
  128  13:40  Barracks x2  
  130  13:41  Siege Tank, Barracks  
  130  13:43  Marine x2  
  130  13:47  Marine x2  
  137  13:51  Command Center, Marine  
  137  13:53  Siege Tank, Marine  
  142  13:59  Marine  
  142  14:01  Marine  
  144  14:03  Liberator, Medivac  
  144  14:07  Marine x2  
  151  14:10  Marine x4  
  151  14:16  Marine  
  151  14:17  Marine x2  
  156  14:19  Marine  
  156  14:22  Siege Tank  
  162  14:25  Marine  
  162  14:29  Marine x5  
  168  14:32  Barracks Reactor x3  
  168  14:35  Marine  
  168  14:36  Siege Tank  
  170  14:41  Marine  
  170  14:42  Marine x2  
  172  14:51  Marine x2  
  168  14:55  Marine  
  168  14:56  Siege Tank, Marine  
  168  14:57  Marine x2  
  168  14:59  Medivac  
  127  15:00  Medivac  
  170  15:10  Marine x3  
  153  15:17  Marine x2  
  153  15:18  Siege Tank, Marine x6  
  158  15:24  Marine  
  158  15:26  Marine x2  
  158  15:28  Planetary Fortress  
  152  15:30  Planetary Fortress  
  152  15:33  Marine x5  
  152  15:35  Medivac x2, Siege Tank  
  164  15:48  Marine x6  
  145  15:50  Siege Tank  
  145  15:51  Marine  
  145  15:52  Marine  
  145  15:55  Marine  
  145  15:56  Marine  
  146  16:00  Marine x2  
  148  16:08  Marine x2  
  148  16:10  Marine  
  151  16:12  Marine x4  
  151  16:13  Marine x2  
  151  16:14  Siege Tank  
  151  16:16  Liberator, Marine x2  
  151  16:17  Liberator  
  168  16:23  Marine x2  
  163  16:25  Marine  
  163  16:26  Marine x2  
  163  16:28  Siege Tank  
  163  16:31  Marine x3  
  169  16:33  Marine  
  169  16:34  Marine  
  171  16:41  Marine x2  
  162  16:51  Marine x8  
  151  16:58  Marine  
  152  17:02  Siege Tank, Command Center, Marine x2  
  152  17:06  Marine x3  
  160  17:10  Marine x5  
  160  17:11  Marine x4  
  160  17:14  Command Center  
  169  17:21  Marine x4  
  159  17:23  Medivac x2, Siege Tank  
  159  17:24  Marine x3  
  159  17:29  Marine  
  170  17:35  Marine x6  
  170  17:36  Siege Tank  
  179  17:37  Command Center  
  179  17:38  Marine  
  179  17:39  Marine  
  181  17:50  Marine x3  
  181  17:51  Marine  
  177  17:52  Marine x2  
  177  17:57  Starport x2  
  179  18:00  Refinery x2, Marine x2  
  179  18:02  Siege Tank  
  179  18:03  Medivac x2  
  186  18:16  Marine  
  187  18:26  Marine  
  166  18:28  Marine x4  
  166  18:29  Siege Tank, Marine x4  
  166  18:30  Marine x3  
  166  18:31  Marine  
  166  18:33  Marine  
  179  18:37  Marine x2  
  179  18:40  Siege Tank  
  184  18:43  Medivac x2, Marine  
  184  18:45  Marine  
  189  18:48  Planetary Fortress  
  189  18:53  Marine x4  
  193  18:55  Starport Tech Lab  
  193  18:56  Starport Tech Lab  
  193  18:59  Marine  
  194  19:05  Marine x2  
  194  19:08  Marine x3  
  187  19:24  Marine x2  
  187  19:28  Marine  
  187  19:30  Marine x5  
  176  19:34  Medivac x2  
  173  19:51  Barracks  
  165  19:53  Barracks  
  165  19:54  Barracks  
  165  19:55  Barracks x2, Orbital Command  
  165  19:56  Barracks x2  
  165  19:57  Barracks x3  
  155  20:26  Missile Turret  
  155  20:28  Marine  
  154  20:29  Missile Turret  
  154  20:30  Planetary Fortress  
  154  20:37  Marine x2  
  153  20:45  Marine x2  
  153  20:46  Marine x5  
  160  20:51  SCV x3  
  160  20:52  Factory  
  160  20:55  Marine  
  164  20:57  SCV  
  164  20:58  Marine  
  164  20:59  Marine  
  167  21:06  Supply Depot  
  167  21:07  Supply Depot x2  
  167  21:10  Supply Depot x2  
  162  21:27  Marine x7  
  162  21:28  SCV, Marine x2  
  162  21:32  Marine x4  
  177  21:35  Marine  
  177  22:08  Supply Depot x2  
  177  22:09  Supply Depot  
  177  22:10  Supply Depot x2, Factory Tech Lab  
  177  22:11  Supply Depot x2  
  169  22:29  Marine x2  
  170  22:30  SCV, Marine x8  

Tags
 
Add a new tag
Caveats
  • Supply blocks, unpowered buildings, or Contaminate may cause inaccurate times.
  • Supply counts are checked every 10 seconds.